 Dungeon Crawl Stone Soup version 0.19.0-9-gfd783f2 (console) character file.

99 HyperMorgan the Skirmisher (level 4, -1/57 HPs)
             Began as a Minotaur Assassin on Nov 7, 2016.
             Was a Follower of Ru.
             Slain by Sigmund
             ... wielding a cursed -2 scythe
              (7 damage)
             ... on level 3 of the Dungeon.
             The game lasted 00:08:10 (3202 turns).

HyperMorgan the Skirmisher (Minotaur Assassin)      Turns: 3202, Time: 00:08:12

Health: -1/57      AC:  4    Str: 21    XL:     4   Next: 45%
Magic:  3/3        EV: 11    Int:  8    God:    Ru [*.....]
Gold:   217        SH:  0    Dex: 12    Spells: 0 memorised, 3 levels left

rFire  . . .     SeeInvis .     p - +0 war axe
rCold  . . .     Gourm    .     n - +0 leather armour
rNeg   . . .     Faith    .     (no shield)
rPois  .         Spirit   .     (helmet restricted)
rElec  .         Reflect  .     d - +0 cloak
rCorr  .         Harm     .     (no gloves)
MR     .....                    (no boots)
Stlth  ..........               (no amulet)
                                (no ring)
                                (no ring)

@: berserking (expiring), very quick
A: retaliatory headbutt, horns 2, no charms magic, no fire magic, no hexes magic
a: Renounce Religion


You were on level 3 of the Dungeon.
You worshipped Ru.
Ru was aware of your devotion.
You were not hungry.

You visited 1 branch of the dungeon, and saw 3 of its levels.

You collected 217 gold pieces.

Inventory:

Hand Weapons
 a - a +2 dagger
 b - a +0 blowgun
 p - a +0 war axe (weapon)
Missiles
 e - 8 poisoned needles
 f - 2 curare-tipped needles
 i - 7 needles of confusion
Armour
 d - a +0 cloak (worn)
 h - a +0 buckler
 n - a +0 leather armour (worn)
Scrolls
 j - a scroll of recharging {unknown}
 k - 4 scrolls of remove curse
 l - a scroll of random uselessness {unknown}
 m - a scroll of enchant weapon {unknown}
 o - a scroll of immolation {unknown}
 q - a scroll of enchant armour {unknown}
 r - a scroll of amnesia {unknown}
 s - a scroll of teleportation {unknown}
 t - 2 scrolls of identify
 v - a scroll of fog {unknown}
 w - a scroll of blinking {unknown}
Comestibles
 g - 2 bread rations
 u - a beef jerky
 x - 2 chunks of flesh


   Skills:
 - Level 3.4 Fighting
 - Level 2.1 Short Blades
 + Level 3.4 Axes
 - Level 2.8 Throwing
 - Level 0.5 Armour
 - Level 1.1 Dodging
 - Level 3.2 Stealth


You had 3 spell levels left.
You didn't know any spells.

Dungeon Overview and Level Annotations

Branches:
Dungeon (3/15)

Altars:
Hepliaklqana
Ru

Annotations:
D:3 Sigmund


Innate Abilities, Weirdness & Mutations

You reflexively headbutt those who attack you in melee.
You have a pair of horns on your head.
You cannot study or cast Charms magic.
You cannot study or cast Fire magic.
You cannot study or cast Hexes magic.


Message History

Sigmund hits you but does no damage.
Sigmund whispers, "You'll know eternity soon."
Sigmund casts a spell.
Sigmund flickers and vanishes!
Deactivating autopickup; reactivate with Ctrl-A.
You closely miss something.
You hear some strange, mumbled words.
A magic dart appears from out of thin air!
The magic dart hits you!
You miss something. Your headbutt misses something. Something hits you.
You closely miss something. You headbutt something! Something hits you!
A red film seems to cover your vision as you go berserk!
You feel yourself moving faster!
You feel mighty! Something hits you.
You barely miss something. You headbutt something. You miss something.
Your headbutt misses something. Something hits you!
You miss something. Something hits you!
* * * LOW HITPOINT WARNING * * *
You barely miss something. You miss something. Something hits you!
You die...

∙▒ ▒▒▒∙▒▒∙▒▒▒▒▒▒∙∙▒∙∙▒▒▒∙∙▒▒∙▒ ∙▒
▒∙▒▒∙▒▒ ▒∙∙▒∙∙∙∙∙∙∙∙∙∙▒ ∙▒
▒∙▒▒∙∙▒ ▒∙∙▒∙▒∙∙∙∙∙▒▒▒▒
∙▒▒▒▒▒▒▒▒∙▒▒▒∙▒▒▒▒▒∙∙▒∙▒∙∙∙▒∙▒<∙∙
∙▒∙∙∙∙∙∙∙∙∙∙∙∙∙∙∙∙∙∙∙∙∙[∙∙∙∙∙∙∙▒▒
∙▒∙∙∙∙∙∙∙∙∙∙∙∙∙∙∙∙∙∙∙∙∙∙∙∙∙∙∙∙∙∙∙
∙▒∙∙∙∙∙∙∙∙∙∙∙∙∙∙∙∙∙∙∙∙∙∙∙∙∙∙∙∙∙▒▒
∙▒∙∙∙∙∙∙∙∙∙∙∙∙∙∙∙∙∙∙∙∙∙∙∙∙∙∙∙∙∙∙∙
∙▒∙∙∙<∙∙∙∙∙∙∙∙∙∙H∙∙∙∙∙∙∙∙∙∙∙∙∙∙▒▒
>▒∙∙∙∙∙∙∙∙∙∙∙∙∙{∙∙∙∙∙∙∙∙∙∙∙∙∙∙∙▒
∙▒∙∙∙∙∙∙∙∙∙∙∙∙∙∙∙∙∙∙∙∙∙∙∙∙∙∙∙∙∙▒
∙▒∙∙∙∙∙∙∙∙∙∙∙∙∙∙∙∙∙∙∙∙∙∙∙∙∙∙∙∙∙▒▒
∙▒∙∙∙∙∙∙∙∙∙∙∙∙∙∙∙∙∙∙∙∙∙∙∙∙∙∙∙∙∙∙∙
∙▒∙∙∙∙∙∙∙∙∙∙∙∙∙∙∙∙∙∙∙∙∙∙∙∙∙∙∙∙∙▒▒
∙▒∙∙∙∙∙∙∙∙∙∙∙∙∙∙∙∙∙∙∙∙∙∙∙∙∙[∙∙∙∙∙
▒▒∙∙∙∙∙∙∙∙∙∙∙∙∙∙∙∙∙∙∙∙∙∙∙∙∙∙∙∙∙▒▒
▒∙∙∙∙∙∙∙∙∙∙∙∙∙∙∙∙∙∙∙∙∙∙∙∙∙∙∙∙∙▒


There were no monsters in sight!

Vanquished Creatures
  An orc wizard (D:3)
  2 adders (D:2)
  An ooze (D:3)
  3 leopard geckos
  3 orcs (D:3)
  3 giant cockroaches (D:1)
  6 goblins
  6 hobgoblins
  2 jackals (D:2)
  9 kobolds
  2 quokkas
  3 bats
  3 rats
44 creatures vanquished.

Vanquished Creatures (others)
  A hobgoblin (D:3)
1 creature vanquished.

Grand Total: 45 creatures vanquished

Notes
Turn   | Place    | Note
-------+----------+-------------------------------------------
     0 | D:1      | HyperMorgan the Minotaur Assassin began the quest for the Orb.
     0 | D:1      | Reached XP level 1. HP: 18/18 MP: 0/0
   341 | D:1      | Reached XP level 2. HP: 22/25 MP: 1/1
  1213 | D:2      | Reached XP level 3. HP: 31/31 MP: 2/2
  1255 | D:2      | Found a faded altar of an unknown god.
  1284 | D:2      | Became a worshipper of Ru the Awakened
  1284 | D:2      | --noice
  1287 | D:2      | --also noice
  1303 | D:2      | Gained mutation: You cannot study or cast Fire magic. [Ru sacrifice]
  1303 | D:2      | Gained mutation: You cannot study or cast Hexes magic. [Ru sacrifice]
  1303 | D:2      | Gained mutation: You cannot study or cast Charms magic. [Ru sacrifice]
  1303 | D:2      | Reached * piety under Ru
  1394 | D:2      | Found a faded altar of an unknown god.
  1394 | D:2      | Found a faded altar of an unknown god.
  1401 | D:2      | Found a hazy altar of Hepliaklqana.
  1407 | D:2      | Found a faded altar of an unknown god.
  1408 | D:2      | Found a faded altar of an unknown god.
  1452 | D:2      | Reached skill level 1 in Axes
  2041 | D:3      | Reached XP level 4. HP: 17/38 MP: 3/3
  2744 | D:3      | Noticed Sigmund
  3202 | D:3      | Slain by Sigmund

Skill      XL: |  1  2  3 |
---------------+----------+-----
Fighting       | 3 |  3.4
Axes           | 3 |  3.4
Short Blades   | |  2.1
Throwing       | |  2.8
Armour         | |  0.5
Dodging        | |  1.1
Stealth        | |  3.2

Action                   |  1- 3 |  4- 6 || total
-------------------------+-------+-------++-------
Melee: Dagger            |    74 |       ||    74
       Headbutt          |    20 |     5 ||    25
       War axe           |    41 |    14 ||    55
Invok: Sacrifice Arcana  |     1 |       ||     1
  Use: Potion            |     2 |     1 ||     3
       Scroll            |     1 |     2 ||     3
 Stab: Sleeping          |     3 |       ||     3
  Eat: Chunk             |     2 |     2 ||     4
       Bread ration      |       |     1 ||     1
Armor: Robe              |     6 |       ||     6
       Leather armour    |     8 |     8 ||    16
Dodge: Dodged            |    50 |     6 ||    56
